 Dungeon Crawl Stone Soup version 0.24.1-14-gf8d2b509d9 (webtiles) character file.

Game seed: 16047183971079878284, levelgen mode: deterministic

36 Descartes the Scratcher (level 3, -3/15 HPs)
             Began as a Felid Transmuter on May 25, 2020.
             Slain by Natasha (9 damage)
             ... on level 2 of the Dungeon.
             The game lasted 00:02:41 (1279 turns).

Descartes the Scratcher (Felid Transmuter)          Turns: 1279, Time: 00:02:42

Health: -3/15      AC:  1    Str:  7    XL:     3   Next: 19%
Magic:  6/7        EV: 18    Int: 14    God:
Gold:   41         SH:  0    Dex: 16    Spells: 5/6 levels left
                                        Lives:  0   Deaths: 0

rFire    . . .     SeeInvis +     - Unarmed
rCold    . . .     Gourm    .   (shield unavailable)
rNeg     . . .     Faith    .   (armour unavailable)
rPois    .         Spirit   .   (helmet unavailable)
rElec    .         Reflect  .   (cloak unavailable)
rCorr    .         Harm     .   (gloves unavailable)
MR       .....                  (boots unavailable)
Stlth    +++.......             (no amulet)
HPRegen  0.05/turn              (no ring)
MPRegen  0.10/turn              (no ring)

@: appendage, quick
A: very small, no armour, no weapons or thrown items, stealth, claws 1, fangs 3,
horns 2, see invisible, carnivore, speed 1, shaggy fur 1, slow metabolism 1,
sharp paws
a: End Transformation


You were on level 2 of the Dungeon.
You were completely stuffed.
You had grown temporary horns.
You visited 1 branch of the dungeon, and saw 2 of its levels.

You collected 41 gold pieces.

Inventory:

Missiles
 a - 33 arrows
 k - 45 stones
Jewellery
 g - an uncursed ring of ice
Scrolls
 b - a scroll of teleportation {unknown}
 d - a scroll of enchant weapon {unknown}
 e - a scroll of remove curse {unknown}
 i - a scroll of enchant armour {unknown}
 j - a scroll of identify {unknown}
Potions
 h - a potion of flight {unknown}
Comestibles
 c - 3 rations


   Skills:
 + Level 1.3 Fighting
 * Level 3.2 Dodging
 * Level 2.1 Stealth
 * Level 3.2 Unarmed Combat
 + Level 2.2 Spellcasting
 + Level 2.3 Transmutations


You had 5 spell levels left.
You knew the following spells:

 Your Spells              Type           Power        Failure   Level  Hunger
a - Beastly Appendage     Tmut           #.....       9%          1    #......

Your spell library contained the following spells:

 Spells                   Type           Power        Failure   Level  Hunger
 Sticks to Snakes         Tmut           #.......     13%         2    ###....
 Spider Form              Tmut/Pois      #.........   41%         3    ###....
 Ice Form                 Ice/Tmut       #.......     82%         4    #####..
 Blade Hands              Tmut           #.........   94%         5    ######.


Dungeon Overview and Level Annotations

Branches:
Dungeon (2/15)

Altars:

Annotations:
D:2 Natasha


Innate Abilities, Weirdness & Mutations

You cannot wear armour.
You are incapable of wielding weapons or throwing items.
Your paws allow you to move quietly. (Stealth)
You have sharp claws.
You have razor-sharp teeth.
You have supernaturally acute eyesight. (SInv)
You are carnivorous and can eat meat at any time.
You cover ground quickly.
You are covered in fur. (AC +1)
You have a slow metabolism.
Your sharp claws are effective at attacking unaware monsters.
You have a pair of horns on your head.


Message History

You barely miss the kobold. The kobold hits you.
You scratch the kobold.
You kill the kobold!
Natasha, Servant of Life and Death comes into view.
Natasha closely misses you.
You see here a kobold corpse.
You closely miss Natasha. You bite Natasha.
Natasha is moderately wounded.
Natasha closely misses you.
You scratch Natasha. Your headbutt misses Natasha.
Natasha is moderately wounded.
Natasha casts a spell at you. The magic dart hits you.
You claw Natasha! Your headbutt misses Natasha.
Natasha is almost dead.
You scratch Natasha.
Natasha is almost dead.
Natasha claws you!
Ouch! That really hurt!
You die...

####
#...
#...
#...
#...
#...####
#....h.#
#@# #.#
#.# #<#
###


You could see Natasha.

Vanquished Creatures
  A dart slug (D:1)
  A leopard gecko (D:1)
  2 bats (D:1)
  4 giant cockroaches (D:1)
  5 goblins (D:1)
  5 hobgoblins (D:1)
  5 kobolds
  A frilled lizard (D:1)
  6 rats (D:1)
30 creatures vanquished.

Notes
Turn   | Place    | Note
-------+----------+-------------------------------------------
     0 | D:1      | Descartes the Felid Transmuter began the quest for the Orb.
     0 | D:1      | Reached XP level 1. HP: 9/9 MP: 4/4
   119 | D:1      | Reached skill level 1 in Stealth
   245 | D:1      | Reached XP level 2. HP: 12/12 MP: 4/6
   793 | D:1      | Reached XP level 3. HP: 11/15 MP: 5/7
  1274 | D:2      | Noticed Natasha
  1279 | D:2      | Slain by Natasha

Levels and vault maps discovered:
D:1:      onia_arrival_larder, layout_loops_ring
D:2:      layout_basic, uniq_jessica, uniq_natasha

Skill      XL: |  1  2 |
---------------+-------+-----
Stealth        | 1 2 |  2.1
Dodging        | 3 |  3.2
Fighting       | |  1.3
Unarmed Combat | |  3.2
Spellcasting   | |  2.2
Transmutations | |  2.3

Action                   || total
-------------------------++-------
Melee: Unarmed           ||    68
       Bite              ||     7
       Headbutt          ||     6
 Cast: Beastly Appendage ||    11
 Stab: Sleeping          ||     7
  Eat: Chunk             ||     8
Armor: Skin              ||     1
Dodge: Dodged            ||    35
